AoeStats
← zygarde02.02.2000

Arena

504415487Analyzed
3v3 RM · 27d ago on Sep 5, 2026· 49m 54s· 6 players
Game mode
Random Map
Map size
Normal (6 player)
Population
200
Speed
Normal
Resources
Standard
Victory
Conquest
Starting age
Dark Age
Ending age
Imperial Age
RankedLock teamsTeams togetherTeam positionsShared explorationLock speedFull tech treeHidden civsTurbo modeCheats
Victory
Defeat
🇹🇼 Franks · Taiwan
1059
+11
🇹🇼 Italians · Taiwan
1019
+13
🇹🇼 Burgundians · Taiwan
989
+14
🇮🇳 Persians · India
1027
-15
🇮🇳 Romans · India
998
-15
🇮🇳 Khmer · India
816
-23
gameboy506
11:04 Feudal Age
11:31 Double-Bit Axe
16:38 Castle Age
15:22 Horse Collar
15:36 Fletching
16:20 Stone Mining
17:37 Bow Saw
19:05 Bodkin Arrow
20:27 Gold Mining
24:21 Heavy Plow
26:18 Bloodlines
26:10 Husbandry
25:32 Light Cavalry
27:26 Padded Archer Armor
27:33 Scale Barding Armor
28:56 Wheelbarrow
29:20 Ballistics
32:12 Imperial Age
34:10 Chemistry
37:15 Chain Barding Armor
37:05 Forging
38:25 Elite Genoese Crossbowman
40:46 Hand Cart
41:25 Bracer
42:56 Silk Road
42:56 Conscription
42:58 Leather Archer Armor
43:19 Iron Casting
43:26 Thumb Ring
43:34 Hussar
45:47 Stone Shaft Mining
47:11 Ring Archer Armor
47:42 Blast Furnace
47:18 Plate Barding Armor
大人請恕我攔轎
2:14 Loom
10:39 Feudal Age
11:07 Double-Bit Axe
18:16 Castle Age
16:15 Stone Mining
16:17 Gold Mining
18:04 Scale Barding Armor
18:10 Forging
19:15 Wheelbarrow
19:39 Husbandry
20:23 Bow Saw
26:09 Chain Barding Armor
34:31 Imperial Age
33:21 Hand Cart
35:38 Gold Shaft Mining
35:16 Cavalier
36:35 Plate Barding Armor
36:36 Iron Casting
37:48 Conscription
37:29 Chivalry
38:38 #83
38:40 Elite Throwing Axeman
39:20 Capped Ram
44:02 Blast Furnace
43:41 Elite Skirmisher
44:32 Padded Archer Armor
44:22 Fletching
47:20 Paladin
Pineapple_Hsiao
7:01 Double-Bit Axe
12:09 Feudal Age
11:16 Horse Collar
13:07 Bow Saw
19:11 Castle Age
17:37 Gold Mining
18:44 Stone Mining
20:13 Stone Shaft Mining
19:43 Heavy Plow
21:48 Scale Barding Armor
21:29 Treadmill Crane
22:58 Forging
27:44 Husbandry
29:05 Wheelbarrow
31:32 Gold Shaft Mining
31:29 Hand Cart
31:30 Fortified Wall
31:33 Cavalier
33:05 Crop Rotation
34:13 Two-Man Saw
35:28 Iron Casting
36:25 Light Cavalry
41:13 Imperial Age
38:56 Caravan
40:28 Burgundian Vineyards
40:54 Chain Barding Armor
41:40 Fletching
41:51 Padded Archer Armor
41:28 Elite Skirmisher
42:34 Ballistics
43:15 Chemistry
41:51 Paladin
44:21 Conscription
zygarde02.02.2000
10:51 Feudal Age
10:04 Loom
17:39 Castle Age
15:56 Horse Collar
17:29 Double-Bit Axe
19:37 Wheelbarrow
20:03 Gold Mining
24:09 Hand Cart
24:08 Pikeman
25:16 Heavy Plow
27:39 Gold Shaft Mining
28:06 Coinage
27:37 Stone Mining
28:22 Bow Saw
29:56 Bloodlines
29:47 Husbandry
29:08 Light Cavalry
34:06 Bloodlines
43:29 Ballistics
43:11 Murder Holes
arpeetmakasare123
5:32 Loom
11:40 Feudal Age
15:44 Castle Age
14:18 Double-Bit Axe
14:17 Horse Collar
15:21 Town Watch
15:34 Gold Mining
15:38 Stone Mining
18:19 Wheelbarrow
21:53 Fletching
25:19 Gold Shaft Mining
27:21 Murder Holes
31:04 Hand Cart
32:08 Heavy Plow
32:23 Bow Saw
32:19 Scale Mail Armor
32:30 Forging
37:11 Imperial Age
35:59 Squires
35:19 Pikeman
36:04 Bodkin Arrow
36:25 Chain Mail Armor
36:46 Iron Casting
39:17 Halberdier
40:20 Conscription
42:58 Capped Ram
43:50 Man-at-Arms
45:39 Blast Furnace
Funesh
10:21 Feudal Age
12:01 Loom
15:02 Castle Age
13:57 Horse Collar
14:06 Double-Bit Axe
14:59 Wheelbarrow
22:11 Bow Saw
23:17 Heavy Plow
25:30 Hand Cart
25:01 Town Watch
25:02 Loom
26:57 Town Patrol
28:36 Pikeman
29:16 Squires
30:00 Gold Mining
30:00 Stone Mining
33:52 Imperial Age
32:05 Fletching
32:15 Padded Archer Armor
32:26 Forging
32:17 Scale Mail Armor
31:40 Elite Skirmisher
33:43 Ballistics
33:58 Thumb Ring
33:58 Halberdier
34:55 Leather Archer Armor
34:35 Bodkin Arrow
35:44 Chemistry
37:13 Ring Archer Armor
37:19 Iron Casting
37:00 Chain Mail Armor
43:43 Blast Furnace
43:14 Plate Mail Armor
Connection lost

Rejoining the realm…

Still unreachable

The connection could not be restored.

Session expired

The server has moved on; the page needs a fresh start.